 Dungeon Crawl Stone Soup version 0.29.0-7-g18a832c13a (webtiles) character file.

Game seed: 4894213851637813264

408 Plorgh the Trooper (level 6, -1/72 HPs)
             Began as an Ogre Warper on Aug 31, 2022.
             Slain by Pikel
             ... wielding a +0 whip of flaming
              (5 damage)
             ... on level 5 of the Dungeon.
             The game lasted 00:11:32 (7809 turns).

Plorgh the Trooper (Ogre Warper)                    Turns: 7809, Time: 00:11:33

Health: -1/72      AC:  3    Str: 18    XL:     6   Next: 88%
Magic:  9/9        EV:  9    Int: 14    God:
Gold:   239        SH:  0    Dex:  8    Spells: 1/9 levels left

rFire   . . .      SeeInvis .   j - +0 whip (freeze)
rCold   . . .      Faith    .   (no shield)
rNeg    . . .      Spirit   .   b - +0 robe
rPois   .          Reflect  .   (helmet restricted)
rElec   .          Harm     .   (no cloak)
rCorr   .          Rampage  .   (gloves unavailable)
Will    .....                   (boots unavailable)
Stlth   +.........              i - amulet of magic regeneration
HPRegen 0.22/turn               (no ring)
MPRegen 0.51/turn               (no ring)

@: no status effects
A: large, unfitting armour, tough skin 1
a: no special abilities


You were on level 5 of the Dungeon.
You visited 1 branch of the dungeon, and saw 5 of its levels.

You collected 239 gold pieces.

Inventory:

Hand Weapons
 j - a +0 whip of freezing (weapon)
Missiles
 d - 7 boomerangs of dispersal (quivered)
 l - a throwing net
Armour
 b - a +0 robe (worn)
Jewellery
 i - an amulet of magic regeneration (around neck)
Wands
 e - a wand of charming (4)
Scrolls
 c - a scroll of blinking
 f - 2 scrolls of enchant armour {unknown}
 h - a scroll of vulnerability {unknown}
 k - 2 scrolls of noise
 m - a scroll of amnesia
 n - a scroll of magic mapping
 o - a scroll of silence {unknown}
Potions
 a - a potion of heal wounds
 g - 2 potions of flight {unknown}


   Skills:
 + Level 7.8 Fighting
 - Level 4.0 Maces & Flails
 - Level 1.0 Throwing
 - Level 2.1 Dodging
 - Level 2.4 Spellcasting
 - Level 2.6 Translocations


You had one spell level left.
You knew the following spells:

 Your Spells              Type           Power      Damage    Failure   Level
a - Blink                 Tloc           18%        N/A       12%         2
b - Gell's Gravitas       Tloc           9%         N/A       22%         3
c - Teleport Other        Tloc           9%         N/A       22%         3

Your spell library contained the following spells:

 Spells                   Type           Power      Damage    Failure   Level
 Lesser Beckoning         Tloc           9%         N/A       22%         3
 Inner Flame              Hex/Fire       1%         N/A       56%         3
 Manifold Assault         Tloc           9%         N/A       91%         5
 Cause Fear               Hex            0%         N/A       92%         4
 Discord                  Hex            0%         N/A       100%        8


Dungeon Overview and Level Annotations

Branches:
Dungeon (5/15)
 Temple: D:4-7

Altars:
Elyvilon
Fedhas
Xom

Annotations:
D:4 Edmund
D:5 Blork the orc, Pikel


Innate Abilities, Weirdness & Mutations

You are too large for most types of armour.
You have tough skin. (AC +1)


Message History

Pikel burns you.
You hit Pikel but do no damage.
Pikel is moderately wounded.
Pikel hits you with a +0 whip of flaming!
Pikel burns you.
You closely miss Pikel.
Pikel is moderately wounded.
Pikel hits you with a +0 whip of flaming!
Pikel burns you.
You whack Pikel! You freeze Pikel. Your punch misses Pikel.
Pikel is heavily wounded.
You hit Pikel but do no damage.
Pikel is heavily wounded.
Pikel hits you with a +0 whip of flaming!
Pikel burns you.
You barely miss Pikel.
Pikel is heavily wounded.
Pikel hits you with a +0 whip of flaming.
* * * LOW HITPOINT WARNING * * *
Pikel burns you.
* * * LOW HITPOINT WARNING * * *
A lemure comes into view.
You hit Pikel. You freeze Pikel.
Pikel is heavily wounded.
Pikel hits you with a +0 whip of flaming!
* * * LOW HITPOINT WARNING * * *
Pikel burns you.
* * * LOW HITPOINT WARNING * * *
You hit Pikel. You freeze Pikel.
Pikel is almost dead.
Pikel hits you with a +0 whip of flaming.
* * * LOW HITPOINT WARNING * * *
Pikel burns you.
* * * LOW HITPOINT WARNING * * *
Unknown command.
You hit Pikel but do no damage.
Pikel is almost dead.
Pikel scowls and wipes his hands on his robe.
Pikel hits you with a +0 whip of flaming.
You die...

##.###########
##.# ...# ##.#
...# .#.#
...###############
.................#
.......>..##.###@#
.###########.# #K#
.# #.# #5## .# #.#
#.5# .# #.#
##.###..# .# #.#
#......# .# #.#
#.###.## #.# #.#
#.#


You could see Pikel and 2 lemures.

Vanquished Creatures
  A necrophage (D:3)
  2 scorpions
  An orc priest (D:3)
  2 iguanas
  An orc wizard (D:4)
  3 gnolls (D:3)
  An adder (D:3)
  3 worms
  3 dart slugs
  11 orcs
  3 ball pythons
  7 endoplasms
  2 giant cockroaches
  4 goblins
  4 hobgoblins
  4 jackals (D:5)
  4 quokkas
  2 bats
  5 frilled lizards
  5 kobolds
  4 rats
72 creatures vanquished.

Notes
Turn   | Place    | Note
-------+----------+-------------------------------------------
     0 | D:1      | Plorgh the Ogre Warper began the quest for the Orb.
     0 | D:1      | Reached XP level 1. HP: 22/22 MP: 3/3
   197 | D:1      | Reached skill level 3 in Fighting
   290 | D:1      | Reached XP level 2. HP: 28/31 MP: 5/5
   699 | D:1      | Found a faded altar of an unknown god.
   792 | D:1      | Reached skill level 4 in Fighting
  1695 | D:3      | Reached XP level 3. HP: 40/40 MP: 6/6
  1760 | D:3      | HP: 4/90 [orc priest/+0 flail (4)]
  1763 | D:3      | Reached skill level 5 in Fighting
  1763 | D:3      | Reached XP level 4. HP: 5/50 MP: 7/7
  2228 | D:3      | Reached skill level 6 in Fighting
  3139 | D:3      | Reached XP level 5. HP: 50/59 MP: 8/8
  4111 | D:3      | Learned a level 2 spell: Blink
  4134 | D:3      | Learned a level 3 spell: Gell's Gravitas
  4138 | D:3      | Learned a level 3 spell: Teleport Other
  5063 | D:4      | Found a white marble altar of Elyvilon.
  5087 | D:4      | Noticed Edmund
  5114 | D:4      | Found a shimmering altar of Xom.
  5115 | D:4      | Found a blossoming altar of Fedhas.
  5349 | D:3      | Reached XP level 6. HP: 14/67 MP: 9/9
  6370 | D:4      | Reached skill level 7 in Fighting
  6678 | D:5      | Entered Level 5 of the Dungeon
  6720 | D:5      | Noticed an ice beast
  7130 | D:5      | Noticed Blork the orc
  7699 | D:5      | Identified the +3 scale mail of Supple Strength {+Blink
                  | Stlth+}
  7787 | D:5      | Noticed Pikel
  7809 | D:5      | Slain by Pikel

Illustrated notes

Levels and vault maps discovered:
D:1:      matt_arrival_refuge, layout_loops_ring, ebering_ecumenical_altar_hall
D:2:      wad_lake_hut, layout_basic
D:3:      layout_loops_ring
D:4:      layout_cave_pools, old_standard_altar,
          gammafunk_temple_overflow_pools, st_stairs_8,
          hangedman_abyss_or_decor_passed, kennysheep_path_1, uniq_sigmund,
          uniq_edmund
D:5:      layout_loops_ring, temple_fountains, uniq_pikel, uniq_blork_the_orc

Skill      XL: |  1  2  3  4  5  6 |
---------------+-------------------+-----
Maces & Flails | 2 4 |  4.0
Fighting       | 3 4 5 6 7 |  7.8
Throwing       | |  1.0
Dodging        | |  2.1
Spellcasting   | |  2.4
Translocations | |  2.6

Action                   |  1- 3 |  4- 6 || total
-------------------------+-------+-------++-------
Melee: Mace              |    82 |    57 ||   139
       Whip              |       |   228 ||   228
       Punch             |       |     2 ||     2
 Cast: Blink             |       |     2 ||     2
       Gell's Gravitas   |       |     2 ||     2
       Teleport Other    |       |     7 ||     7
  Use: Potion            |     2 |     3 ||     5
       Scroll            |       |    10 ||    10
 Stab: Sleeping          |     1 |     1 ||     2
Armor: Robe              |    24 |    53 ||    77
       Skin              |     5 |    13 ||    18
Dodge: Dodged            |    44 |   124 ||   168
